 Dungeon Crawl Stone Soup version 0.27-a0-1359-ga2a4dfd6fd (webtiles) character file.

Game seed: 9187758082271001427

190208 robertstho the Warrior (level 17, -9/131 (137) HPs)
             Began as a Minotaur Berserker on June 28, 2021.
             Was a High Priest of Trog.
             Killed from afar by an ancient lich (93 damage)
             ... with a crystal spear
             ... on level 2 of the Abyss.
             The game lasted 00:57:30 (36812 turns).

robertstho the Warrior (Minotaur Berserker)        Turns: 36812, Time: 00:57:31

HP:   -9/131 (137)  AC: 22    Str: 17 (22) XL:     17   Next: 53%
MP:   3/3           EV:  8    Int:  9 (14) God:    Trog [*****.]
Gold: 2602          SH: 25    Dex: 10 (12) Spells: 16/16 levels left

rFire    . . .     SeeInvis .   Y - +5 war axe "Killer Bee's Doom" {antimagic, Int+4 Dex+4}
rCold    + + .     Faith    .   r - +8 tower shield of Exclusion {rPois Regen+ Stlth-}
rNeg     . . .     Spirit   .   F - +2 chain mail {rC+}
rPois    +         Reflect  .   (helmet restricted)
rElec    .         Harm     +   b - scarf {repulsion}
rCorr    +         Rampage  .   a - +2 pair of gloves
Will     +++..     Rnd*Rage +   f - +0 pair of boots
Stlth    ..........             o - amulet "Jecvaf" {Harm rC+ Regen+ Int+5}
HPRegen  3.31/turn              q - ring of flight
MPRegen  0.08/turn              V - ring of resist corrosion

@: strong-willed, on berserk cooldown, flying, regenerating, slowed, lightly
drained, repel missiles, very slow
A: horns 2, retaliatory headbutt, [berserk 2], [clumsy 2], [deterioration 2],
[frail 2], low mp 1[+2], [screaming 2], [weak 2]
}: 1/15 runes: gossamer
a: Renounce Religion, Berserk, Trog's Hand, Brothers in Arms


You were on level 2 of the Abyss.
You worshipped Trog.
Trog was extremely pleased with you.
You visited 5 branches of the dungeon, and saw 28 of its levels.
You visited the Abyss 1 time.
You also visited: Ice Cave.

You collected 3491 gold pieces.
You spent 889 gold pieces at shops.

Inventory:

Hand Weapons
 e - a +3 antimagic executioner's axe
 D - a +3 scimitar of flaming
 S - the +6 battleaxe "Wohe" {vorpal, Fragile rN+++ Dex+3 Stlth-}
   (You found it in an ice cave)

   It inflicts extra damage upon your enemies.
   Dex:       It affects your dexterity (+3).
   rN:        It renders you almost immune to negative energy.
   Fragile:   It will be destroyed if unequipped.
   Stlth:     It makes you less stealthy.
 T - a +4 battleaxe of flaming
 Y - the +5 war axe "Killer Bee's Doom" (weapon) {antimagic, Int+4 Dex+4}
   (You found it on level 15 of the Dungeon)

   It reduces the magical energy of the wielder, and disrupts the spells and
   magical abilities of those hit.
   Natural abilities and divine invocations are not affected.
   Int:       It affects your intelligence (+4).
   Dex:       It affects your dexterity (+4).
Armour
 a - a +2 pair of gloves (worn)
 b - a scarf of repulsion (worn)
 f - a +0 pair of boots (worn)
 r - the +8 tower shield of Exclusion (worn) {rPois Regen+ Stlth-}
   (You bought it in a shop on level 2 of the Orcish Mines)

   rPois:     It protects you from poison.
   Regen:     It increases your rate of health regeneration.
   Stlth:     It makes you less stealthy.
 F - a +2 chain mail of cold resistance (worn)
 G - a +1 plate armour of fire resistance
 H - a +2 tower shield of cold resistance
 L - the +3 cloak of Jepasch {-Cast Harm rC+ Str+2}
   (You bought it in a shop on level 12 of the Dungeon)

   Str:       It affects your strength (+2).
   rC:        It protects you from cold.
   -Cast:     It prevents spellcasting.
   Harm:      It increases damage dealt and taken.
Jewellery
 o - the amulet "Jecvaf" (around neck) {Harm rC+ Regen+ Int+5}
   (You acquired it on level 2 of the Spider Nest)

   [amulet of regeneration]

   Int:       It affects your intelligence (+5).
   rC:        It protects you from cold.
   Regen:     It increases your rate of health regeneration.
   Harm:      It increases damage dealt and taken.
 q - a ring of flight (left hand)
 s - a ring of willpower
 t - a +6 ring of strength
 y - a ring of protection from fire
 M - a ring of ice
 V - a ring of resist corrosion (right hand)
Wands
 c - a wand of mindburst (42)
 p - a wand of digging (7)
 u - a wand of iceblast (23)
 I - a wand of acid (8)
 X - a wand of paralysis (6)
 Z - a wand of charming (6)
Scrolls
 g - 6 scrolls of teleportation
 h - 8 scrolls of enchant armour
 m - 3 scrolls of silence
 w - 2 scrolls of holy word
 A - 5 scrolls of blinking
 C - 3 scrolls of magic mapping
 N - 3 scrolls of immolation
 O - 3 scrolls of fog
 P - a scroll of brand weapon
 R - 3 scrolls of enchant weapon
 U - a scroll of fear
 W - a scroll of identify
Potions
 d - 7 potions of cancellation
 i - 8 potions of heal wounds
 j - 4 potions of haste
 k - 7 potions of curing
 l - 6 potions of mutation {unknown}
 n - 4 potions of resistance {unknown}
 v - 3 potions of attraction {unknown}
 z - 2 potions of lignification
 B - 4 potions of ambrosia {unknown}
 E - 2 potions of berserk rage {unknown}
 J - 3 potions of might
 K - a potion of invisibility {unknown}
 Q - 2 potions of flight
Miscellaneous
 x - a lightning rod (4/4)


   Skills:
 * Level 20.6 Fighting
 + Level 19.4 Axes
 * Level 18.4 Armour
 + Level 9.5 Dodging
 + Level 10.7 Shields


You had 16 spell levels left.
You didn't know any spells.
Your spell library was empty.

Dungeon Overview and Level Annotations

Branches:
Dungeon (15/15)            Temple (0/1) D:5            Lair (6/6) D:11
 Shoals (0/4) Lair:3       Spider (4/4) Lair:4        Slime (0/5) Lair:6
    Orc (2/2) D:9             Elf (1/3) Orc:2        Vaults (0/5) D:14
 Depths (0/5) D:15          IceCv (visited)

Altars:
Ashenzari
Cheibriados
Dithmenos
Elyvilon
Fedhas
Hepliaklqana
Kikubaaqudgha
Makhleb
Ru
Trog
Vehumet
Xom
Beogh
Jiyva

Shops:
D:12 [   Orc:2 ([*=

Annotations:
D:7 4 runed translucent doors
D:13 2 transporters, Guoxigoqam's ghost, journeyman DrTm
Orc:1 2 transporters, octoduck's ghost, journeyman DrIE


Innate Abilities, Weirdness & Mutations

You have a pair of horns on your head.
You reflexively headbutt those who attack you in melee.
[You often lose your temper in combat.]
[You are very clumsy. (Dex -4)]
[Your body often deteriorates upon taking damage.]
[You are very frail. (-20% HP)]
[Your magical capacity is extremely low. (-30% MP)]
[You frequently scream uncontrollably at your foes.]
[You are very weak. (Str -4)]


Message History

Your skin crawls.
You feel strong-willed.
The ancient lich gestures wildly while chanting.
The ancient lich flickers and vanishes!
Deactivating autopickup; reactivate with Ctrl-A.
Unknown command.
Your ogre goes berserk!
The spatial maelstrom hits your ogre! Space warps horribly around your ogre.
The spatial maelstrom hits your ogre!!
You block the large abomination's attack. x2
Unknown command.
You completely miss the large abomination.
You headbutt the large abomination!
The large abomination is lightly damaged.
The spatial maelstrom hits your ogre. Space bends around your ogre.
The spatial maelstrom barely misses your ogre.
Your ogre completely misses the spatial maelstrom.
A deafening chorus of shrieks assaults your mind!
You block the large abomination's attack.
Your ogre hits the spatial maelstrom with a +0 giant club!!
The spatial maelstrom is destroyed!
Trog accepts your kill.
You slice the large abomination!!
The large abomination is severely damaged.
A starcursed mass splits.
You block the large abomination's attack.
You hear some strange, mumbled words.
Unknown command.
You slice the large abomination!!
You destroy the large abomination!
Trog accepts your kill.
Your ogre hits the starcursed mass with a +0 giant club!!
The starcursed mass is destroyed!
Trog accepts your kill.
Unknown command.
You hear some strange, mumbled words.
A crystal spear appears from out of thin air!
The crystal spear hits you!!!!
Ouch! That really hurt!
You die...

#####X..$.#
##.. #..X.$#
.. ..*XXX##...
#.. #..#XX# .
# . 8....O.#
#. . ....#.{#
...####..# #.
8 .### ##.# .
.... #@#
.............#
..8...#.#
......+.#
..... #.+
##### #.+ ..#
...


You could see 6 starcursed masses, a wretched star and a friendly ogre
(summoned, berserk).

Vanquished Creatures
  Arachne (Spider:4)
  A lich (Abyss:2)
  Frances (Spider:1)
  A tentacled starspawn (Abyss:2)
  Kirke (D:13)
  A frost giant (IceCv)
  2 orc warlords
  8 ghost moths
  12 emperor scorpions
  A stone giant (D:15)
  The ghost of Ziry the Frost Mage, a journeyman DgIE (Lair:5)
  Nessos (Orc:2)
  Azrael (D:14)
  2 entropy weavers
  Snorg (Lair:3)
  2 fire dragons
  2 hydras
  2 vault guards (D:14)
  Erica (D:10)
  4 boulder beetles
  4 centaur warriors
  2 death yaks (Lair:5)
  6 two-headed ogres
  An alligator (Lair:6)
  3 orc high priests
  2 tengu warriors (D:15)
  2 dancing weapons
  Urug (Orc:2)
  A skeletal warrior (D:14)
  A swamp dragon (Lair:6)
  24 wolf spiders
  5 orc knights
  13 orb spiders
  A deep elf zephyrmancer (Elf:1)
  12 ugly things
  4 deep elf pyromancers
  A cyclops (D:12)
  4 orc sorcerers (Orc:2)
  A moth of wrath (Spider:4)
  5 manticores
  A merfolk siren (Lair:3)
  4 torpor snails
  5 elephants (Lair:6)
  2 ice statues (IceCv)
  14 cane toads
  An unseen horror (D:12)
  3 rime drakes
  An efreet (D:11)
  2 gargoyles
  5 kobold demonologists
  2 tengu conjurers (D:14)
  4 komodo dragons
  12 demonic crawlers
  29 jumping spiders
  26 polar bears
  18 hornets
  3 raiju (Lair:6)
  9 blink frogs
  8 trolls
  15 slime creatures
  A tarantella (shapeshifter) (D:14)
  A wraith (D:13)
  84 redbacks
  9 basilisks
  25 tarantellas
  2 vampires
  6 wyverns
  4 hogs (D:13)
  3 steam dragons
  12 vampire mosquitoes
  44 yaks
  4 fire elementals (D:14)
  Grum (D:10)
  8 wargs
  A large abomination (Abyss:2)
  Edmund (D:4)
  4 acid dragons
  7 water moccasins
  A sky beast (D:5)
  12 hell hounds (Lair:6)
  28 orc warriors
  4 swamp drakes (Lair:6)
  15 black bears
  An ice beast (D:7)
  43 wolves
  13 centaurs
  8 ogres
  Blork the orc (D:4)
  A kobold brigand (D:11)
  8 bullfrogs
  2 gnoll sergeants
  6 scorpions
  A water moccasin skeleton (D:5)
  16 killer bees
  3 howler monkeys
  8 wights
  An electric eel (Lair:5)
  A centaur zombie (D:9)
  4 hounds
  A jelly (D:5)
  4 gnoll shamans
  13 orc priests
  Ijyb (D:3)
  2 bullfrog skeletons (D:5)
  A centaur skeleton (D:4)
  An iron imp (D:9)
  5 iguanas
  A scorpion zombie (D:5)
  11 orc wizards
  32 gnolls
  A howler monkey skeleton (D:6)
  A howler monkey zombie (D:7)
  5 adders
  A shadow imp (D:7)
  A white imp (D:6)
  2 dart slugs (D:2)
  52 orcs
  7 endoplasms
  3 giant cockroaches
  4 goblins
  4 hobgoblins
  5 jackals
  13 kobolds
  5 quokkas
  5 ball pythons (D:1)
  3 bats
  7 frilled lizards
  A jackal skeleton (D:4)
  5 rats
  A starspawn tentacle (Abyss:2)
895 creatures vanquished.

Vanquished Creatures (collateral kills)
  Rupert (Orc:2)
  A vault guard (D:14)
  A boulder beetle (Spider:1)
  A catoblepas (Lair:2)
  Sonja (Orc:2)
  A spatial maelstrom (Abyss:2)
  3 wolf spiders
  2 orb spiders (Spider:4)
  A torpor snail (Spider:4)
  A gargoyle (D:12)
  2 demonic crawlers (Spider:4)
  2 trolls (Orc:2)
  3 jumping spiders (Spider:4)
  A hornet (Spider:4)
  4 redbacks (Spider:4)
  6 tarantellas
  A yak (IceCv)
  3 orc warriors (Orc:2)
  A wolf (IceCv)
  A boggart (D:14)
  2 ogres (Orc:2)
  A starcursed mass (Abyss:2)
  An orc wizard (Orc:2)
  3 gnolls (Orc:2)
  4 orcs (Orc:2)
  3 starspawn tentacles (Abyss:2)
51 creatures vanquished.

Vanquished Creatures (others)
  An orb spider (Spider:2)
  An orc warrior (Orc:2)
  41 fungi
  38 plants
  A starspawn tentacle (Abyss:2)
82 creatures vanquished.

Grand Total: 1028 creatures vanquished

Notes
Turn   | Place    | Note
-------+----------+-------------------------------------------
     0 | D:1      | robertstho the Minotaur Berserker began the quest for the
                  | Orb.
     0 | D:1      | Reached XP level 1. HP: 19/19 MP: 0/0
   188 | D:1      | Reached skill level 4 in Fighting
   197 | D:1      | Reached XP level 2. HP: 26/27 MP: 1/1
   900 | D:1      | Reached ** piety under Trog
   930 | D:1      | Reached XP level 3. HP: 33/34 MP: 2/2
  1500 | D:2      | Found an ancient bone altar of Kikubaaqudgha.
  2016 | D:2      | Found a faded altar of an unknown god.
  2182 | D:3      | Reached XP level 4. HP: 37/41 MP: 3/3
  2317 | D:3      | Found a shadowy altar of Dithmenos.
  2321 | D:3      | Found a broken altar of Ashenzari.
  2431 | D:3      | Reached skill level 5 in Fighting
  2536 | D:3      | Noticed Ijyb
  2545 | D:3      | Killed Ijyb
  2724 | D:4      | Noticed an ogre
  2790 | D:4      | Reached XP level 5. HP: 25/48 MP: 4/4
  3155 | D:4      | Killed an ogre
  3156 | D:4      | Reached skill level 5 in Axes
  3279 | D:4      | Reached XP level 6. HP: 56/56 MP: 5/5
  3304 | D:4      | Reached skill level 5 in Armour
  3480 | D:4      | Noticed Edmund
  3489 | D:4      | Killed Edmund
  3615 | D:4      | Noticed Blork the orc
  3628 | D:4      | Killed Blork the orc
  3629 | D:4      | Reached XP level 7. HP: 62/62 MP: 6/6
  3806 | D:4      | Reached skill level 6 in Fighting
  3847 | D:4      | Found a hazy altar of Hepliaklqana.
  4119 | D:5      | Entered Level 5 of the Dungeon
  4125 | D:5      | Reached *** piety under Trog
  4144 | D:5      | Found a radiant altar of Vehumet.
  4677 | D:5      | Found a staircase to the Ecumenical Temple.
  4765 | D:5      | Reached XP level 8. HP: 71/71 MP: 7/7
  4993 | D:5      | Found a sacrificial altar of Ru.
  5294 | D:5      | Found a white marble altar of Elyvilon.
  5413 | D:6      | Reached skill level 7 in Fighting
  5612 | D:6      | Found a burning altar of Makhleb.
  6669 | D:7      | Reached XP level 9. HP: 81/81 MP: 8/8
  6672 | D:7      | Reached **** piety under Trog
  6728 | D:7      | Found a huge runed translucent gate.
  6728 | D:7      | Found a huge runed translucent gate.
  6728 | D:7      | Found a huge runed translucent gate.
  6728 | D:7      | Found a huge runed translucent gate.
  6728 | D:7      | Noticed a polar bear
  6728 | D:7      | Noticed a polar bear
  6728 | D:7      | Noticed a polar bear
  6729 | D:7      | Noticed a polar bear
  6976 | D:8      | Reached skill level 8 in Fighting
  7065 | D:8      | Noticed a two-headed ogre
  7080 | D:8      | Noticed a gargoyle
  7234 | D:7      | Reached skill level 10 in Armour
  7316 | D:8      | Killed a two-headed ogre
  7319 | D:8      | Killed a gargoyle
  7679 | D:8      | Found a blossoming altar of Fedhas.
  7730 | D:8      | Reached skill level 9 in Fighting
  7904 | D:8      | Reached XP level 10. HP: 91/91 MP: 9/9
  8272 | D:9      | Reached skill level 10 in Axes
  8580 | D:9      | Reached skill level 5 in Dodging
  8782 | D:9      | Reached skill level 10 in Fighting
  8782 | D:9      | Reached ***** piety under Trog
  8864 | D:9      | Found a snail-covered altar of Cheibriados.
  8961 | D:9      | Noticed a two-headed ogre
  8973 | D:9      | Killed a two-headed ogre
  9402 | D:9      | Found a staircase to the Orcish Mines.
  9420 | D:9      | Reached XP level 11. HP: 84/101 MP: 10/10
  9821 | D:9      | Found a bloodstained altar of Trog.
  9838 | D:9      | Identified the +2 scale mail of the Solstice {Rampage
                  | *Corrode Dex+3}
 10158 | D:10     | Entered Level 10 of the Dungeon
 10528 | D:10     | Noticed Grum
 10533 | D:10     | Killed Grum
 10704 | D:10     | Reached skill level 11 in Fighting
 11137 | D:10     | Noticed Erica
 11156 | D:10     | Killed Erica
 12329 | D:11     | Noticed a sixfirhy
 12610 | D:11     | Noticed a centaur warrior
 12622 | D:11     | Killed a centaur warrior
 12623 | D:11     | Reached skill level 12 in Fighting
 12947 | D:11     | Noticed a two-headed ogre
 12954 | D:11     | Killed a two-headed ogre
 13059 | D:11     | Found a staircase to the Lair.
 13391 | D:12     | Reached XP level 12. HP: 113/113 MP: 11/11
 13489 | D:12     | Found Nag Riniva's Antique Armour Shop.
 13498 | D:12     | Bought a pair of runed boots for 195 gold pieces
 13498 | D:12     | Bought a glimmering cloak for 247 gold pieces
 13498 | D:12     | Identified the +3 cloak of Jepasch {-Cast Harm rC+ Str+2}
                  | (You bought it in a shop on level 12 of the Dungeon)
 13906 | D:12     | Noticed a two-headed ogre
 13917 | D:12     | Killed a two-headed ogre
 14296 | D:13     | Noticed Kirke
 14304 | D:13     | Reached skill level 13 in Fighting
 14314 | D:13     | Killed Kirke
 14491 | D:13     | Noticed a boulder beetle
 14522 | D:13     | Found a transporter.
 14524 | D:13     | Killed a boulder beetle
 14847 | D:13     | Noticed a centaur warrior
 14855 | D:13     | Killed a centaur warrior
 14944 | D:13     | Received a gift from Trog
 14992 | D:13     | Reached skill level 14 in Fighting
 15395 | D:13     | Noticed Guoxigoqam's ghost (journeyman DrTm)
 15402 | D:13     | Found a transporter.
 15404 | D:13     | Noticed a catoblepas
 15671 | D:14     | Noticed Azrael
 15671 | D:14     | Noticed a boulder beetle
 15675 | D:14     | Noticed a boulder beetle
 15684 | D:14     | Killed Azrael
 15686 | D:14     | Killed a boulder beetle
 15978 | D:14     | Killed a boulder beetle
 15979 | D:14     | Reached XP level 13. HP: 112/125 MP: 12/12
 16956 | D:14     | Found a gate to the Vaults.
 16968 | D:14     | Reached skill level 15 in Axes
 17127 | D:14     | Reached skill level 15 in Fighting
 18383 | D:14     | Received a gift from Trog
 18694 | Lair:1   | Entered Level 1 of the Lair of Beasts
 18744 | Lair:1   | Reached skill level 15 in Armour
 20561 | Lair:3   | Reached XP level 14. HP: 127/136 MP: 13/13
 20613 | Lair:3   | Noticed Snorg
 20624 | Lair:3   | Killed Snorg
 20625 | Lair:3   | Reached skill level 16 in Fighting
 21607 | Lair:3   | Found a staircase to the Shoals.
 21775 | Lair:4   | Found a hole to the Spider Nest.
 21963 | Lair:4   | Found a frozen archway.
 21971 | IceCv    | Entered an ice cave
 22437 | IceCv    | Received a gift from Trog
 22644 | IceCv    | Noticed a frost giant
 22656 | IceCv    | Killed a frost giant
 22808 | IceCv    | Identified the +2 halberd "Woideego" {protect, rCorr Int+5
                  | Dex+3}
 22812 | IceCv    | Identified the +6 battleaxe "Wohe" {vorpal, Fragile rN+++
                  | Dex+3 Stlth-}
 22814 | IceCv    | Identified the -2 hat of Least Resistance {rC+}
 24030 | Lair:5   | Found a runed translucent door.
 24030 | Lair:5   | Found a shimmering altar of Xom.
 24030 | Lair:5   | Noticed Ziry's ghost (journeyman DgIE)
 24030 | Lair:5   | Identified the +4 great sword "Ravaile" {chaos, Fly}
 24383 | Lair:5   | Reached skill level 17 in Fighting
 24480 | Lair:5   | You are sucked into a shaft and drop 1 floor!
 24480 | Lair:6   | Entered Level 6 of the Lair of Beasts
 25254 | Lair:5   | Killed Ziry's ghost
 26085 | Lair:6   | Reached XP level 15. HP: 136/147 MP: 14/14
 26985 | Lair:6   | Found a viscous altar of Jiyva.
 26985 | Lair:6   | Found a staircase to the Slime Pits.
 27238 | Orc:1    | Entered Level 1 of the Orcish Mines
 27639 | Orc:1    | Found the ring of the Hare {EV+8}
 27648 | Orc:1    | Found a transporter.
 27665 | Orc:1    | Noticed an orc warlord
 27667 | Orc:1    | Found a transporter.
 27754 | Orc:1    | Noticed octoduck's ghost (journeyman DrIE)
 28074 | Orc:2    | Entered Level 2 of the Orcish Mines
 28074 | Orc:2    | Found Himufiwk's Jewellery Boutique.
 28105 | Orc:2    | Noticed an orc warlord
 28445 | Orc:2    | Killed an orc warlord
 28446 | Orc:2    | Received a gift from Trog
 28447 | Orc:2    | Reached skill level 18 in Fighting
 28466 | Orc:2    | Noticed Sonja
 28470 | Orc:2    | Killed Sonja
 28485 | Orc:2    | Found a staircase to the Elven Halls.
 28758 | Orc:2    | Found Sil Hiel's General Store.
 28758 | Orc:2    | Noticed an orc warlord
 28765 | Orc:2    | Noticed Rupert
 28770 | Orc:2    | Paralysed by Rupert for 4 turns
 29249 | D:15     | Entered Level 15 of the Dungeon
 29293 | D:15     | Found a shadowy altar of Dithmenos.
 29398 | D:15     | Identified the +5 war axe "Killer Bee's Doom" {antimagic,
                  | Int+4 Dex+4}
 29881 | D:15     | Found a staircase to the Depths.
 30596 | Orc:2    | Paralysed by Rupert for 2 turns
 30653 | Orc:1    | Killed an orc warlord
 30779 | Orc:2    | Paralysed by an orc sorcerer for 5 turns
 30784 | Orc:2    | Killed Rupert
 30818 | Orc:2    | Bought a scroll of holy word for 105 gold pieces
 30818 | Orc:2    | Bought a scroll of vulnerability for 105 gold pieces
 31108 | Orc:2    | Found a burning altar of Makhleb.
 31124 | Orc:2    | Found Riesh's Antique Weapon Emporium.
 31517 | Orc:2    | Found Zil Ipte's Antique Armour Shoppe.
 31521 | Orc:2    | Noticed Nessos
 31525 | Orc:2    | Gained mutation: [Your magical capacity is low. (-10% MP)]
                  | [a neqoxec]
 31554 | Orc:2    | Killed Nessos
 31872 | Orc:2    | Noticed Urug
 31875 | Orc:2    | Killed Urug
 32182 | Orc:2    | Bought a smoking tower shield for 237 gold pieces
 32182 | Orc:2    | Identified the +8 tower shield of Exclusion {rPois Regen+
                  | Stlth-} (You bought it in a shop on level 2 of the Orcish
                  | Mines)
 32348 | Spider:1 | Entered Level 1 of the Spider Nest
 32348 | Spider:1 | Noticed Frances
 32363 | Spider:1 | Killed Frances
 32552 | Spider:1 | Reached skill level 1 in Shields
 32994 | Spider:2 | Reached skill level 19 in Fighting
 33162 | Spider:1 | Reached XP level 16. HP: 85/160 MP: 4/13
 33506 | Spider:2 | Received a gift from Trog
 33636 | Spider:2 | Reached skill level 5 in Shields
 33713 | Spider:2 | Identified a scroll of acquirement
 33714 | Spider:2 | Acquired the amulet "Jecvaf" {Harm rC+ Regen+ Int+5}
 34121 | Spider:2 | Paralysed by a hornet for 1 turns
 34537 | Spider:3 | Received a gift from Trog
 35160 | Spider:4 | Entered Level 4 of the Spider Nest
 35397 | Spider:4 | Reached ****** piety under Trog
 35397 | Spider:4 | Received a gift from Trog
 35469 | Spider:4 | Reached skill level 20 in Fighting
 35484 | Spider:4 | Reached XP level 17. HP: 129/170 MP: 0/14
 35777 | Spider:4 | Got a gossamer rune of Zot
 35784 | Spider:4 | Noticed Arachne
 35800 | Spider:4 | Killed Arachne
 35862 | Spider:4 | Reached skill level 10 in Shields
 36737 | Elf:1    | Entered Level 1 of the Elven Halls
 36780 | Elf:1    | Cast into level 2 of the Abyss (a deep elf demonologist)
 36787 | Abyss:2  | Noticed an ancient lich
 36787 | Abyss:2  | Noticed a lich
 36795 | Abyss:2  | Killed a lich
 36812 | Abyss:2  | Killed from afar by an ancient lich

Illustrated notes

Levels and vault maps discovered:
D:1:      amcnicky_arrival_single_pillar, layout_basic
D:2:      layout_basic, shapermc_ecumenical_altar_mp_vishouse, basic_altar
D:3:      layout_basic, grunt_temple_overflow_open, uniq_ijyb
D:4:      layout_cave_pools, kennysheep_little_box, uniq_blork_the_orc,
          uniq_edmund
D:5:      layout_cave_pools, amcnicky_altar_gilded,
          lemuel_coloured_pillars_altar, marbit_many_paths,
          minmay_temple_entry_antechambers, serial_rivers,
          chequers_serial_rivers_large_a, chequers_serial_rivers_small_b,
          chequers_serial_rivers_micro_d, chequers_serial_rivers_micro_e,
          chequers_serial_rivers_room_a, chequers_serial_rivers_marsh
D:6:      layout_basic, general_overflow_altar
D:7:      lemuel_bear_cage, layout_rooms
D:8:      layout_cave_pools, fedhas_altar_fruit_tree, serial_bayou_pond_b
D:9:      layout_stronghold, lemuel_doored_altar, slow_altar_2,
          minmay_orc_entry_temple_small, minmay_misc_feat_hallway
D:10:     layout_loops_corners, uniq_grum, uniq_erica
D:11:     layout_irregular_city, grunt_lair_entry_orc_guard_hut
D:12:     layout_cave_pools, serial_shops, nicolae_square_shop
D:13:     layout_stronghold, gammafunk_ghost_berserking_beasts, uniq_kirke
D:14:     layout_stronghold, lightli_vaults_fourway_checkpoint, eino_curves_02,
          uniq_azrael
D:15:     grunt_enter_depths_snipers, layout_long_grid, grunt_dithmenos_smoke
Lair:1:   layout_misc_corridors
Lair:2:   layout_long_grid, lemuel_fruit_fields
Lair:3:   layout_regular_city, minmay_shoals_entry_lonely_mermaid,
          chequers_serial_rivers_room_b, infiniplex_staircase_pool_2,
          lemuel_fruit_tree, grunt_megastairs_5, uniq_snorg
Lair:4:   layout_small_grid, spider_nest_entry_webs,
          portal_ice_cave_entry_pillars_2, nicolae_quartered_pool_super,
          grunt_forest_stairs_basic, grunt_megastairs_1
Lair:5:   layout_regular_city, ebering_ghost_xom, infiniplex_staircase_pool
Lair:6:   hangedman_lair_caniforms_friends, layout_misc_corridors,
          guppyfry_lair_end_dragon, dpeg_slime_entry_enclosed_altar
Spider:1: layout_spider_delve, uniq_frances
Spider:2: spiders_nest_scorpion_pit, nicolae_spider_webs_and_nodes,
          nicolae_spider_jagged_tunnels
Spider:3: layout_spider_delve, nicolae_spider_bug_shape
Spider:4: johnstein_spider_rune_arachne_lair
Orc:1:    layout_diamond_mine, gammafunk_ghost_abyssal_escape
Orc:2:    grunt_orc_gardens, layout_diamond_mine, grunt_orc_garden,
          grunt_orc_garden, grunt_orc_garden, grunt_orc_garden, basic_altar,
          bloody_makhleb, uniq_rupert, uniq_urug, uniq_nessos, uniq_sonja
Elf:1:    layout_geoelf_octagon, serial_shops, nicolae_shop_stone,
          minmay_elf_sorcery, nrook_uturn
Abyss:2:  base: Spider:4, base: Crypt:2, onia_ninara_dug_in_and_dangerous

Skill      XL: |  1  2  3  4  5  6  7  8  9 10 11 12 13 14 15 16 17 |
---------------+----------------------------------------------------+-----
Fighting       | 4 5 6 7 9 10 12 14 15 17 19 20 | 20.6
Axes           | 4 5 6 7 8 9 11 12 14 16 17 18 19 | 19.4
Armour         | 3 4 6 7 9 11 12 13 14 15 16 17 18 | 18.4
Dodging        | 3 4 5 6 7 8 9 |  9.5
Shields        | 3 8 10 | 10.7

Action                   |  1- 3 |  4- 6 |  7- 9 | 10-12 | 13-15 | 16-18 || total
-------------------------+-------+-------+-------+-------+-------+-------++-------
Melee: Hand axe          |    96 |    86 |   264 |   483 |       |       ||   929
       Headbutt          |    14 |    16 |    59 |   136 |   226 |   168 ||   619
       War axe           |       |       |     2 |       |    99 |   616 ||   717
       Broad axe         |       |       |       |    57 |   113 |       ||   170
       Battleaxe         |       |       |       |       |   743 |       ||   743
Invok: Berserk           |     1 |     6 |     6 |    14 |    27 |    15 ||    69
       Trog's Hand       |       |       |     2 |     3 |     5 |     3 ||    13
       Brothers in Arms  |       |       |       |     1 |    10 |     4 ||    15
Evoke: Wand              |       |       |       |       |     1 |       ||     1
  Use: Scroll            |     3 |       |     8 |       |    15 |     7 ||    33
       Potion            |       |       |       |     1 |     6 |     5 ||    12
 Stab: Distracted        |       |       |       |       |     1 |       ||     1
Armor: Animal skin       |    13 |       |       |       |       |       ||    13
       Ring mail         |    13 |     4 |       |       |       |       ||    17
       Scale mail        |       |    28 |    61 |   243 |   462 |       ||   794
       Chain mail        |       |       |   104 |       |    95 |   622 ||   821
Dodge: Dodged            |    62 |    72 |   152 |   282 |   643 |   217 ||  1428
       Repelled          |       |     2 |     2 |     7 |     9 |     1 ||    21
Block: Tower shield      |       |       |       |       |   218 |  1057 ||  1275

Table legend: (Time is in decaauts)
 A = Elapsed time spent in this place.
 B = Non-inter-level travel time spent in this place.
 C = Inter-level travel time spent in this place.
 D = Time resting spent in this place.
 E = Time spent auto-exploring this place.
 F = Levels seen in this place.
 G = Mean time per level.
                   A        B        C        D        E       F      G
               +--------+--------+--------+--------+--------+-----+--------+
         Total |  37195 |  35200 |   1995 |   5584 |  24231 |  30 | 1239.8 |
       Dungeon |  20443 |  19329 |   1114 |   3510 |  13558 |  15 | 1362.9 |
          Lair |   7393 |   6985 |    408 |    313 |   5808 |   6 | 1232.2 |
   Spider Nest |   4414 |   4185 |    229 |    538 |   2237 |   4 | 1103.5 |
  Orcish Mines |   3595 |   3352 |    243 |    743 |   2133 |   2 | 1797.5 |
   Elven Halls |     42 |     42 |      0 |      0 |     21 |   1 |   42.0 |
         Abyss |     36 |     36 |      0 |      0 |      6 |   1 |   36.0 |
      Ice Cave |   1270 |   1270 |      0 |    479 |    468 |   1 | 1270.0 |
               +--------+--------+--------+--------+--------+-----+--------+

Top non-repeatable levels by time:
    D:14: 2327 daAuts
     D:9: 2061 daAuts
   Orc:1: 1923 daAuts
    D:13: 1841 daAuts
  Lair:6: 1756 daAuts
    D:10: 1718 daAuts
    D:11: 1693 daAuts
   Orc:2: 1671 daAuts
     D:1: 1369 daAuts
Spider:4: 1359 daAuts
    D:12: 1346 daAuts
  Lair:5: 1313 daAuts
   IceCv: 1270 daAuts
  Lair:3: 1269 daAuts
    D:15: 1234 daAuts
